 Dungeon Crawl Stone Soup version 0.20-a0-386-g2d247ea (webtiles) character file.

98 ololoev the Firebug (level 4, -4/36 HPs)
             Began as a Centaur Fire Elementalist on Dec 29, 2016.
             Killed by divine providence
             ... invoked by an orc priest
              (13 damage)
             ... on level 3 of the Dungeon.
             The game lasted 00:12:48 (3994 turns).

ololoev the Firebug (Centaur Fire Elementalist)     Turns: 3994, Time: 00:12:50

Health: -4/36      AC:  7    Str: 11    XL:     4   Next: 43%
Magic:  15/15      EV:  3    Int: 14    God:
Gold:   94         SH:  0    Dex: 10    Spells: 5/6 levels left

rFire  . . .     SeeInvis .     i - +0 dagger
rCold  . . .     Gourm    .     a - +0 chain mail
rNeg   . . .     Faith    .     (no shield)
rPois  .         Spirit   .     (no helmet)
rElec  .         Reflect  .     (no cloak)
rCorr  .         Harm     .     (no gloves)
MR     .....     Rnd*Rage +     (no barding)
Stlth  ..........               (no amulet)
                                (no ring)
                                b - ring of magical power

@: hasted, very quick
A: hooves 3, berserk 1, deformed body, speed 2, tough skin 3
a: no special abilities


Innate Abilities, Weirdness & Mutations

You have hooves in place of feet.
Armour fits poorly on your strangely shaped body.
You cover ground very quickly.
You have extremely tough skin. (AC +3)
You tend to lose your temper in combat.

Inventory:

Hand Weapons
 i - a +0 dagger (weapon)
Missiles
 k - 6 tomahawks (quivered)
 l - 17 poisoned needles
Armour
 a - a +0 chain mail (worn)
Jewellery
 b - a ring of magical power (left hand)
Scrolls
 d - 5 scrolls of remove curse {unknown}
 f - 3 scrolls of identify {unknown}
 h - 3 scrolls of blinking {unknown}
 n - a scroll of immolation {unknown}
Potions
 g - a potion of agility {unknown}
 m - a potion of mutation
Comestibles
 c - 4 bread rations
 p - a meat ration


   Skills:
 + Level 2.2 Fighting
 * Level 2.1 Throwing
 + Level 1.3 Armour
 + Level 1.7 Dodging
 - Level 1.1 Stealth
 - Level 1.5 Spellcasting
 - Level 0.8 Conjurations
 - Level 2.6 Fire Magic


You had 5 spell levels left.
You knew the following spells:

 Your Spells              Type           Power        Failure   Level  Hunger
a - Flame Tongue          Conj/Fire      #....        100%        1    ##.....


You were on level 3 of the Dungeon.
You were hungry.

You visited 1 branch of the dungeon, and saw 3 of its levels.

You collected 94 gold pieces.

############ *
#.o........# *
#@########.# ,
, #o# #.# * *
#o# #.# , * #r#
#.# , #o# #.# ,
#h# ####.# * ,
o.o...ho#
#....#
#########
#....#
#########...###

Notes
Turn   | Place    | Note
-------+----------+-------------------------------------------
     0 | D:1      | ololoev the Centaur Fire Elementalist began the quest for the Orb.
     0 | D:1      | Reached XP level 1. HP: 14/14 MP: 3/3
   147 | D:1      | Reached skill level 1 in Fighting
   309 | D:1      | Reached XP level 2. HP: 23/23 MP: 2/4
   901 | D:1      | Reached skill level 1 in Armour
   924 | D:1      | Reached XP level 3. HP: 24/29 MP: 0/5
  1626 | D:2      | Reached skill level 1 in Throwing
  1683 | D:2      | DEFE: Лалиев
  1690 | D:2      | ololoev: defyr
  1703 | D:2      | DEFE: огнежук
  1727 | D:2      | ololoev: ну хоть не уткер
  3146 | D:3      | Reached XP level 4. HP: 18/36 MP: 6/6
  3820 | D:3      | DEFE: а что в зиге случилось
  3825 | D:3      | DEFE: дерзкое нападение шадоу дракона?
  3825 | D:3      | ololoev: хлеб не захилил
  3825 | D:3      | ololoev: там панлорды были
  3825 | D:3      | ololoev: дамажили много, а на 3* хила было мало
  3993 | D:3      | Gained mutation: You passively map a small area around you. [potion of mutation]
  3993 | D:3      | Lost mutation: You passively map a small area around you. [potion of mutation]
  3993 | D:3      | Gained mutation: You tend to lose your temper in combat. [potion of mutation]
  3994 | D:3      | Killed from afar by an orc priest

Dungeon Overview and Level Annotations

Branches:
Dungeon (3/15)

Altars:


Message History

The orc wizard mumbles some strange words.
The orc wizard seems to speed up.
An orc comes into view. It is wielding a club.
The orc wizard casts a spell at you. The magic dart hits you!
The orc wizard mumbles some strange words.
The orc wizard blinks!
You closely miss the orc wizard.
The orc wizard is moderately wounded.
The orc wizard hits you but does no damage. x2
You hit the orc wizard but do no damage.
The orc wizard is moderately wounded.
The orc wizard hits you but does no damage.
The orc wizard mumbles some strange words.
The orc priest looks encouraged for a moment.
You hit the orc wizard but do no damage.
You kick the orc wizard.
The orc wizard is moderately wounded.
The orc wizard hits you with a dagger of speed.
The orc hits you but does no damage.
The orc wizard hits you but does no damage.
Your chain mail prevents you from hitting the orc wizard.
The orc wizard is moderately wounded.
The orc wizard gestures at you while chanting.
The magic dart hits you! The orc hits you but does no damage.
You barely miss the orc wizard.
The orc wizard is moderately wounded.
The orc wizard hits you but does no damage. x2
The orc hits you with a short sword.
Your chain mail prevents you from hitting the orc wizard.
Your kick misses the orc wizard.
The orc wizard is moderately wounded.
The orc wizard hits you but does no damage.
The orc wizard gestures at you while chanting.
You resist with some effort. The orc hits you but does no damage.
You hit the orc wizard. You kick the orc wizard.
The orc wizard is heavily wounded.
The orc wizard hits you with a dagger of speed. x2
The orc hits you but does no damage.
The orc shouts!
You hit the orc wizard but do no damage.
Your kick misses the orc wizard.
The orc wizard is heavily wounded.
The orc wizard gestures wildly while chanting.
The orc hits you but does no damage.
You hit the orc wizard but do no damage.
Your kick misses the orc wizard.
The orc wizard is heavily wounded.
The orc wizard casts a spell.
The orc wizard blinks!
The orc hits you but does no damage.
A jackal comes into view.
The jackal barks!
You hit the orc wizard but do no damage.
The orc wizard is heavily wounded.
The orc wizard gestures at you while chanting.
The magic dart hits you!
You hit the orc wizard but do no damage.
You kick the orc wizard.
The orc wizard is severely wounded.
The orc wizard hits you with a dagger of speed.
The orc hits you but does no damage.
The orc wizard hits you but does no damage.
You feel better.
The orc wizard hits you but does no damage.
The orc hits you but does no damage.
The orc wizard hits you but does no damage.
An orc priest comes into view.
It was a potion of mutation.
You feel extremely strange.
You feel a strange attunement to the structure of the dungeons.
You feel slightly disoriented.
You feel a little pissed off.
The orc wizard hits you but does no damage.
The orc hits you with a short sword. The orc wizard barely misses you.
A jackal comes into view.
It was a potion of haste.
You feel yourself speed up.
The jackal barks!
The orc wizard gestures at you while chanting.
The magic dart hits you! The orc hits you with a short sword.
The orc priest calls down the wrath of Beogh upon you.
Beogh smites you!
You die...

You could see 2 orc priests, an orc wizard, 2 orcs, 2 jackals and a rat.

Vanquished Creatures
  A worker ant (D:3)
  An ooze (D:2)
  A worm (D:2)
  2 dart slugs
  2 leopard geckos (D:2)
  3 orcs
  A ball python (D:1)
  6 giant cockroaches
  9 goblins
  6 hobgoblins
  5 jackals
  4 bats
  4 frilled lizards
  4 kobolds
  7 rats
56 creatures vanquished.

Action                   |  1- 3 |  4- 6 || total
-------------------------+-------+-------++-------
Melee: Unarmed           |    10 |       ||    10
       Kick              |    13 |    16 ||    29
       Dagger            |    90 |    61 ||   151
Throw: Tomahawk          |     7 |    16 ||    23
 Cast: Flame Tongue      |    84 |       ||    84
  Use: Potion            |     1 |     3 ||     4
  Eat: Chunk             |     8 |       ||     8
       Royal jelly       |       |     1 ||     1
Armor: Robe              |    32 |       ||    32
       Chain mail        |    13 |    55 ||    68
Dodge: Dodged            |    62 |     8 ||    70

Vault maps used:
D:1:      erik_arrival_blinker_ship, st_stairs_6,
          hangedman_abyss_or_decor_lesser_grid
D:3:      first_bread, chequers_ecumenical_altar_grove, uniq_natasha
